 Dungeon Crawl Stone Soup version 0.29-a0-323-g050149af67 (webtiles) character file.

Game seed: 17364513755435576915

13 Dabor the Insei (level 2, 23/23 HPs)
             Began as a Gnoll Wanderer on Apr 10, 2022.
             Was a High Priest of Ignis.
             Got out of the dungeon alive.
             The game lasted 00:00:39 (926 turns).

Dabor the Insei (Gnoll Wanderer)                     Turns: 926, Time: 00:00:40

Health: 23/23      AC:  3    Str: 11    XL:     2   Next: 37%
Magic:  5/5        EV: 11    Int:  8    God:    Ignis [*****.]
Gold:   81         SH:  4    Dex: 14    Spells: 6/6 levels left

rFire   + . .      SeeInvis .   a - +0 hunting sling
rCold   . . .      Faith    .   d - +0 buckler
rNeg    . . .      Spirit   .   f - +0 leather armour
rPois   .          Reflect  .   (no helmet)
rElec   .          Harm     .   (no cloak)
rCorr   .          Rampage  .   (no gloves)
Will    .....                   (no boots)
Stlth   ++........              (no amulet)
HPRegen 0.07/turn               (no ring)
MPRegen 0.09/turn               (no ring)

@: no status effects
A: fangs 1, strong nose, distributed training
a: Renounce Religion, Fiery Armour, Foxfire Swarm, Rising Flame


You escaped.
You worshipped Ignis.
Ignis was extremely pleased with you.
You visited 1 branch of the dungeon, and saw 2 of its levels.

You collected 81 gold pieces.

Inventory:

Hand Weapons
 a - a +0 hunting sling (weapon)
Armour
 d - a +0 buckler (worn)
 f - a +0 leather armour (worn)
Scrolls
 b - a scroll of blinking
 e - a scroll of fear
 g - a scroll of identify {unknown}
 h - a scroll of teleportation {unknown}
 j - a scroll of fog {unknown}
Potions
 c - a potion of haste
 i - 3 potions of curing {unknown}
 k - a potion of magic {unknown}


   Skills:
 + Level 2.5 Fighting
 + Level 0.4 Short Blades
 + Level 0.4 Long Blades
 + Level 0.4 Axes
 + Level 0.4 Maces & Flails
 + Level 0.4 Polearms
 + Level 0.4 Staves
 + Level 2.5 Slings
 + Level 0.4 Bows
 + Level 0.4 Crossbows
 + Level 0.4 Throwing
 + Level 2.5 Armour
 + Level 2.5 Dodging
 + Level 2.2 Stealth
 + Level 2.5 Shields
 + Level 6.5 Unarmed Combat
 + Level 2.7 Spellcasting
 + Level 0.2 Conjurations
 + Level 0.2 Hexes
 + Level 0.2 Summonings
 + Level 0.2 Necromancy
 + Level 0.2 Translocations
 + Level 0.2 Transmutations
 + Level 0.2 Fire Magic
 + Level 0.2 Ice Magic
 + Level 0.2 Air Magic
 + Level 0.2 Earth Magic
 + Level 0.2 Poison Magic
 + Level 0.5 Invocations
 + Level 0.4 Evocations


You had 6 spell levels left.
You didn't know any spells.
Your spell library contained the following spells:

 Spells                   Type           Power      Damage    Failure   Level
 Dazzling Flash           Conj/Hex       2%         N/A       83%         3
 Iskenderun's Mystic Bla  Conj/Tloc      1%         2d3       99%         4
 Agony                    Necr           1%         N/A       100%        5
 Silence                  Hex/Air        0%         N/A       100%        5
 Starburst                Conj/Fire      0%         6d3       100%        6


Dungeon Overview and Level Annotations

Branches:
Dungeon (2/15)

Altars:
Ignis


Innate Abilities, Weirdness & Mutations

You have very sharp teeth.
Your uncanny sense of smell can sniff out nearby items.
Your experience applies equally to all skills.


Message History

No target in view!
You pick up a book of Spectacle and begin reading...
You add the spells Iskenderun's Mystic Blast and Starburst to your library.
Okay, then.
Done exploring.
Key pressed, stopping explore.
No target in view!
Done exploring.
No target in view!
Done exploring.
No target in view!
Done exploring.
(D) Dungeon
Where to? (? - help)
You see here a +0 leather armour.
You open the door.
There is an open door here.
There is a stone staircase leading down here.
You climb downwards.
There is a stone staircase leading up here.
A quokka is nearby!
A quokka is nearby!
A quokka is nearby!
A quokka is nearby!
You shoot a sling bullet. The sling bullet hits the quokka.
The quokka is almost dead.
You shoot a sling bullet. The sling bullet hits the quokka.
You kill the quokka!
No target in view!
No target in view!
(D) Dungeon
Where to? (Enter - D:2, ? - help)
You climb upwards.
There is a stone staircase leading down here.
(D) Dungeon
Where to? (Enter - D:1, ? - help)
Okay, then.
There is a staircase leading out of the dungeon here.
Are you sure you want to leave the Dungeon?
This will make you lose the game!
You have escaped!

#### #......##
##.....#.....#
######.#.....##
##.....##.....#
.......##.....##
##.....###.....#
.......###.....###.....##
#...... .......#
##.....#.....## #....##
.......# ##.........##
#....# .......#
##..>.8..## #....#
.###.#.# ##.....## #....#
####.#.### ##.@.#######
#....# ###......#
#...#.....#########
.##....>.#
#...#..............
.##......#
#...###...##.......
.##......# #...#
#.|.#........ .........#
#...# #...#........
.........# #...#
#...#........ .....#.###
#...# #...#........
.....#.# #...#
#...#........


There were no monsters in sight!

Vanquished Creatures
  A dart slug (D:1)
  2 giant cockroaches (D:1)
  2 hobgoblins (D:1)
  A quokka (D:2)
  A bat (D:1)
  A frilled lizard (D:1)
  A kobold (D:1)
  2 rats (D:1)
11 creatures vanquished.

Notes
Turn   | Place    | Note
-------+----------+-------------------------------------------
     0 | D:1      | Dabor the Gnoll Wanderer began the quest for the Orb.
     0 | D:1      | Dabor set off with the following items: a +0 hunting sling,
                  | a scroll of blinking, a potion of haste, a +0 buckler, a
                  | scroll of fear, a +0 leather armour
     0 | D:1      | Reached XP level 1. HP: 17/17 MP: 4/4
   549 | D:1      | Found a faded altar of an unknown god.
   566 | D:1      | Prayed at the altar of an unknown god.
   566 | D:1      | Became a worshipper of Ignis, the Dying Flame
   601 | D:1      | Reached XP level 2. HP: 21/23 MP: 5/5
   926 | D:$      | Got out of the dungeon alive.

Illustrated notes

Levels and vault maps discovered:
D:1:      psy_arrival_spokes, layout_basic, dreamdust_ecumenical_altar_statues
D:2:      layout_rooms, uniq_sigmund, uniq_jessica

Action                   || total
-------------------------++-------
 Fire: Hunting sling     ||    54
Armor: Leather armour    ||    11
Dodge: Dodged            ||    14
Block: Buckler           ||     2

Table legend: (Time is in decaauts)
 A = Elapsed time spent in this place.
 B = Non-inter-level travel time spent in this place.
 C = Inter-level travel time spent in this place.
 D = Time resting spent in this place.
 E = Time spent auto-exploring this place.
 F = Levels seen in this place.
 G = Mean time per level.
                   A        B        C        D        E       F      G
               +--------+--------+--------+--------+--------+-----+--------+
         Total |    952 |    892 |     60 |      0 |    776 |   2 |  476.0 |
       Dungeon |    952 |    892 |     60 |      0 |    776 |   2 |  476.0 |
               +--------+--------+--------+--------+--------+-----+--------+

Top non-repeatable levels by time:
     D:1: 947 daAuts
     D:2: 4 daAuts
